 Dungeon Crawl Stone Soup version 0.21.1-1-g345015fe64 (webtiles) character file.

677 Mrkan the Cudgeler (level 7, -1/44 HPs)
             Began as a Gargoyle Fighter on May 6, 2018.
             Slain by Duvessa
             ... wielding a +2 rapier of freezing
              (13 damage)
             ... on level 4 of the Dungeon.
             The game lasted 00:09:12 (3383 turns).

Mrkan the Cudgeler (Gargoyle Fighter)               Turns: 3383, Time: 00:09:13

Health: -1/44      AC: 16    Str: 21    XL:     7   Next: 60%
Magic:  7/7        EV:  5    Int:  8    God:
Gold:   177        SH:  9    Dex: 10    Spells: 6/6 levels left

rFire    . . .     SeeInvis .   n - +2 whip (venom)
rCold    . . .     Gourm    .   c - +0 shield
rNeg     + . .     Faith    .   t - +0 chain mail
rPois    ∞         Spirit   .   (no helmet)
rElec    +         Reflect  .   j - +0 cloak
rCorr    .         Harm     .   (no gloves)
MR       .....                  (no boots)
Stlth    ..........             (no amulet)
HPRegen  0.14/turn              (no ring)
MPRegen  0.10/turn              (no ring)

@: no status effects
A: negative energy resistance 1, electricity resistance, unbreathing,
petrification resistance, rot immunity, AC +4
a: no special abilities


You were on level 4 of the Dungeon.
You were not hungry.

You visited 1 branch of the dungeon, and saw 4 of its levels.
You also visited: Sewer.

You collected 177 gold pieces.

Inventory:

Hand Weapons
 a - a +0 flail
 n - a +2 whip of venom (weapon)
Armour
 b - a +1 scale mail
 c - a +0 shield (worn)
 j - a +0 cloak (worn)
 t - a +0 chain mail (worn)
Jewellery
 x - an uncursed ring of poison resistance {unknown}
Wands
 e - a wand of acid (5)
Scrolls
 g - a scroll of amnesia {unknown}
 o - 2 scrolls of teleportation
 q - 2 scrolls of remove curse
 r - a scroll of blinking {unknown}
 u - a scroll of magic mapping {unknown}
 w - a scroll of identify
Potions
 d - a potion of might
 h - a potion of degeneration {unknown}
 i - a potion of mutation {unknown}
 l - 2 potions of agility
 m - 4 potions of flight
 s - a potion of cancellation {unknown}
 v - a potion of haste {unknown}
 A - a potion of curing {unknown}
Books
 k - a book of Changes

   Spells                             Type                      Level
   a - Beastly Appendage              Transmutation                1
   b - Sticks to Snakes               Transmutation                2
   c - Spider Form                    Transmutation/Poison         3
   d - Ice Form                       Ice/Transmutation            4
   e - Blade Hands                    Transmutation                5
Miscellaneous
 p - a sack of spiders
Comestibles
 f - 13 rations
 z - 4 chunks of flesh


   Skills:
 - Level 4.7 Fighting
 * Level 6.3 Maces & Flails
 + Level 5.7 Armour
 - Level 3.2 Shields


You had 6 spell levels left.
You didn't know any spells.

Dungeon Overview and Level Annotations

Branches:
Dungeon (4/15)
 Temple: D:4-7

Altars:
Nemelex Xobeh
Yredelemnul

Annotations:
D:4 Duvessa


Innate Abilities, Weirdness & Mutations

You are resistant to torment.
Your stone body is resilient. (AC +4)
You are immune to poison.
You resist negative energy. (rN+)
You are resistant to electric shocks. (rElec)
You can survive without breathing.
You are immune to petrification.
You are immune to rotting.


Message History

You whack Duvessa!
Duvessa looks as sick as possible!
Duvessa is lightly wounded.
Duvessa hits you but does no damage.
You hit Duvessa but do no damage.
Duvessa looks as sick as possible!
Duvessa is moderately wounded.
Duvessa hits you but does no damage.
Duvessa hits you with a rapier of freezing.
* * * LOW HITPOINT WARNING * * *
Duvessa freezes you.
* * * LOW HITPOINT WARNING * * *
You hit Duvessa but do no damage.
Duvessa looks as sick as possible!
Duvessa is moderately wounded.
You block Duvessa's attack.
You hit Duvessa but do no damage.
Duvessa looks as sick as possible!
Duvessa is heavily wounded.
You block Duvessa's attack.
You hit Duvessa.
Duvessa is heavily wounded.
Duvessa hits you with a rapier of freezing!
You die...

....................
...................#.
....................#
#####...................
#......................#
......................#.
........................
......e.................
.......@................
......###'###...........
..... ....##...........
.... #....##...........
... #....##.......#...
## ###..#............
#... .###...###. +...
#<##'####. #.........


You could see Duvessa (berserk).

Vanquished Creatures
  An orc warrior (D:3)
  2 scorpions (D:4)
  Dowan (D:4)
  An orc priest (D:3)
  Crazy Yiuf (D:2)
  An orc wizard (D:3)
  A merfolk siren (Sewer)
  A merfolk avatar (Sewer)
  A worker ant (D:4)
  Robin (D:2)
  7 adders
  3 river rats
  An ooze (D:1)
  An adder zombie (D:4)
  8 worms
  2 leopard geckos
  18 orcs
  3 ball pythons
  9 bats
  5 giant cockroaches
  13 goblins
  14 hobgoblins
  2 quokkas (D:3)
  9 frilled lizards
  6 kobolds
  34 rats
146 creatures vanquished.

Notes
Turn   | Place    | Note
-------+----------+-------------------------------------------
     0 | D:1      | Mrkan the Gargoyle Fighter began the quest for the Orb.
     0 | D:1      | Reached XP level 1. HP: 14/14 MP: 1/1
   180 | D:1      | Reached XP level 2. HP: 19/19 MP: 2/2
   433 | D:2      | Reached XP level 3. HP: 20/23 MP: 3/3
   459 | D:2      | Reached skill level 3 in Maces & Flails
   572 | D:2      | Noticed Robin
   596 | D:2      | Reached XP level 4. HP: 21/29 MP: 4/4
   606 | D:2      | Killed Robin
  1077 | D:2      | Found a runed door.
  1081 | D:2      | Noticed Crazy Yiuf
  1087 | D:2      | Killed Crazy Yiuf
  1236 | D:3      | Reached XP level 5. HP: 28/33 MP: 5/5
  1348 | D:3      | Reached skill level 4 in Maces & Flails
  1558 | D:3      | Found a glowing drain.
  1569 | Sewer    | Entered a sewer
  1711 | Sewer    | Reached XP level 6. HP: 27/39 MP: 6/6
  2157 | D:3      | Noticed an orc warrior
  2174 | D:3      | Killed an orc warrior
  2174 | D:3      | Reached skill level 5 in Maces & Flails
  2174 | D:3      | Reached skill level 5 in Armour
  2184 | D:3      | Reached XP level 7. HP: 26/44 MP: 7/7
  2486 | D:3      | Found a basalt altar of Yredelemnul.
  2664 | D:3      | Found a sparkling altar of Nemelex Xobeh.
  3312 | D:4      | Noticed Dowan
  3313 | D:4      | Noticed Duvessa
  3330 | D:4      | Reached skill level 6 in Maces & Flails
  3336 | D:4      | Killed Dowan
  3383 | D:4      | Slain by Duvessa

Skill      XL: |  1  2  3  4  5  6  7 |
---------------+----------------------+-----
Maces & Flails | 3 4 5 6 |  6.3
Fighting       | 4 |  4.7
Armour         | 4 5 |  5.7
Shields        | |  3.2

Action                   |  1- 3 |  4- 6 |  7- 9 || total
-------------------------+-------+-------+-------++-------
Melee: Flail             |    81 |       |       ||    81
       Whip              |    22 |   277 |    95 ||   394
  Use: Scroll            |     5 |       |       ||     5
  Eat: Chunk             |       |     5 |     4 ||     9
Armor: Scale mail        |    74 |   156 |    17 ||   247
       Chain mail        |       |       |    18 ||    18
Dodge: Dodged            |    35 |    67 |     8 ||   110
Block: Shield            |    87 |   115 |    43 ||   245
